 Dungeon Crawl Stone Soup version 0.32-a0-12-g7fc57aa741 (webtiles) character file.

Game seed: 5326682405855742568

18 oldriver the Digger (level 2, 19/19 HPs)
             Began as a Demonspawn Earth Elementalist on Jan 15, 2024.
             Got out of the dungeon alive.
             The game lasted 00:00:49 (468 turns).

oldriver the Digger (Demonspawn Earth Elementalist)  Turns: 468, Time: 00:00:49

Health: 19/19      AC:  2    Str:  8    XL:     2   Next: 51%
Magic:  5/5        EV: 12    Int: 15    God:
Gold:   23         SH:  0    Dex: 13    Spells: 4/5 levels left

rFire   . . .        (no weapon)
rCold   . . .        (no shield)
rNeg    . . .        a - +0 robe
rPois   .            (no helmet)
rElec   .            (no cloak)
rCorr   .            (no gloves)
SInv    .            (no boots)
Will    .....        (no amulet)
Stlth   ++           (no ring)
HPRegen 0.23/turn    (no ring)
MPRegen 0.09/turn

%: no passive effects
@: no status effects
A: hooves 1
a: no special abilities


You escaped.
You visited 1 branch of the dungeon, and saw 1 of its levels.

You collected 23 gold pieces.

Inventory:

Armour
 a - a +0 robe (worn)
Scrolls
 b - a scroll of revelation {unknown}
 c - a scroll of summoning {unknown}
 d - a scroll of identify {unknown}
 e - a scroll of enchant weapon {unknown}


   Skills:
 - Level 1.7 Dodging
 - Level 1.7 Stealth
 + Level 2.2 Spellcasting
 + Level 1.4 Conjurations
 * Level 3.1 Earth Magic


You had 4 spell levels left.
You knew the following spells:

 Your Spells              Type           Power      Damage    Failure   Level
a - Sandblast             Erth           22%        2d7       6%          1

Your spell library contained the following spells:

 Spells                   Type           Power      Damage    Failure   Level
 Passwall                 Erth           11%        N/A       19%         3
 Stone Arrow              Conj/Erth      16%        3d8       26%         3
 Brom's Barrelling Bould  Conj/Erth      8%         2d3       63%         4
 Petrify                  Alch/Erth      6%         N/A       75%         4


Dungeon Overview and Level Annotations

Branches:
Dungeon (1/15)

Altars:


Innate Abilities, Weirdness & Mutations

You have large cloven feet.


Message History

You kill the ball python!
The kobold throws a stone.
The stone misses you.
A rat comes into view.
The kobold throws a stone.
The stone hits you.
You can't see any susceptible monsters within range! (Use Z to cast anyway.)
You can't see any susceptible monsters within range! (Use Z to cast anyway.)
Found 17 gold pieces.
The blast of sand hits the kobold.
You kill the kobold!
The blast of sand hits the rat!
You kill the rat!
You can't see any susceptible monsters within range! (Use Z to cast anyway.)
You can't see any susceptible monsters within range! (Use Z to cast anyway.) No target in view!
You can't see any susceptible monsters within range! (Use Z to cast anyway.)
e - a scroll labelled WOZUIRRYTRE You now have 23 gold pieces (gained 17).
A dart slug comes into view.
The dart slug launches a dart at you. The slug dart hits you.
A dart slug is nearby!
A dart slug is nearby!
A dart slug is nearby!
The blast of sand hits the dart slug!
The dart slug is almost dead.
The blast of sand hits the dart slug.
You kill the dart slug!
You can't see any susceptible monsters within range! (Use Z to cast anyway.)
A bat comes into view.
A bat is nearby!
A bat is nearby!
A bat is nearby!
The bat hits you but does no damage.
The blast of sand hits the bat.
You kill the bat!
No target in view!
You can't see any susceptible monsters within range! (Use Z to cast anyway.)
You can't see any susceptible monsters within range! (Use Z to cast anyway.)
There is a staircase leading out of the dungeon here.
You have escaped!

######...# #..#####...## #.. .#
#....# #.## ##...# ### .# #....#
#.# ##...## # ######...# ###.##
##...## # ##..###..#
#....###...## # #....###.##
#.....#...## # ......##..#
#........## ## ..........#
#........#########. ..........#
#.@................ .........##
#.........########.
........)################## #.
.......................)..# #.
.........################'######.
.........# #........#. .........#
#.......).. ##########
#.......... #........#.


There were no monsters in sight!

Vanquished Creatures
  A dart slug (D:1)
  An endoplasm (D:1)
  4 goblins (D:1)
  A hobgoblin (D:1)
  2 kobolds (D:1)
  A quokka (D:1)
  2 ball pythons (D:1)
  2 bats (D:1)
  A rat (D:1)
15 creatures vanquished.

Notes
Turn   | Place    | Note
-------+----------+-------------------------------------------
     0 | D:1      | oldriver the Demonspawn Earth Elementalist began the quest
                  | for the Orb.
     0 | D:1      | Reached XP level 1. HP: 13/13 MP: 3/3
   213 | D:1      | Reached skill level 3 in Earth Magic
   213 | D:1      | Gained mutation: You have large cloven feet. [demonic
                  | ancestry]
   213 | D:1      | Reached XP level 2. HP: 4/19 MP: 3/5
   468 | D:$      | Got out of the dungeon alive.

Illustrated notes

Levels and vault maps discovered:
D:1:      elethiomel_arrival_shortcut, layout_basic, minivault_4, minivault_19,
          minmay_shallow_snake_nest

Skill      XL: |  1 |
---------------+----+-----
Earth Magic    | 3 |  3.1
Dodging        | |  1.7
Stealth        | |  1.7
Spellcasting   | |  2.2
Conjurations   | |  1.4

Action                     || total
---------------------------++-------
  Melee: Unarmed           ||     5
         Kick              ||     1
   Cast: Sandblast         ||    21
    Use: Potion            ||     1
 Armour: Robe              ||    16
  Dodge: Dodged            ||    16

Table legend: (Time is in decaauts)
 A = Elapsed time spent in this place.
 B = Non-inter-level travel time spent in this place.
 C = Inter-level travel time spent in this place.
 D = Time resting spent in this place.
 E = Time spent auto-exploring this place.
 F = Levels seen in this place.
 G = Mean time per level.
                   A        B        C        D        E       F      G
               +--------+--------+--------+--------+--------+-----+--------+
         Total |    478 |    431 |     47 |      0 |    344 |   1 |  478.0 |
       Dungeon |    478 |    431 |     47 |      0 |    344 |   1 |  478.0 |
               +--------+--------+--------+--------+--------+-----+--------+

Top non-repeatable levels by time:
     D:1: 478 daAuts
